 Dungeon Crawl Stone Soup version 0.29-a0-284-gf9362112df (webtiles) character file.

Game seed: 4205014625392985592

10 siradein the Firebug (level 2, -1/20 HPs)
             Began as a Draconian Fire Elementalist on Mar 21, 2022.
             Slain by a frilled lizard (2 damage)
             ... on level 1 of the Dungeon.
             The game lasted 00:02:04 (760 turns).

siradein the Firebug (Draconian Fire Elementalist)   Turns: 760, Time: 00:02:05

Health: -1/20      AC:  5    Str: 10    XL:     2   Next: 10%
Magic:  5/5        EV: 10    Int: 15    God:
Gold:   63         SH:  6    Dex: 11    Spells: 4/5 levels left

rFire   . . .      SeeInvis .   c - +0 whip
rCold   . . .      Faith    .   i - +0 kite shield
rNeg    . . .      Spirit   .   (body armour unavailable)
rPois   .          Reflect  .   (helmet restricted)
rElec   .          Harm     .   (no cloak)
rCorr   .          Rampage  .   f - +0 pair of gloves
Will    .....                   (no boots)
Stlth   ++........              (no amulet)
HPRegen 0.06/turn               (no ring)
MPRegen 0.09/turn               (no ring)

@: no status effects
A: AC +4, unfitting armour, cold-blooded
a: no special abilities


You were on level 1 of the Dungeon.
You visited 1 branch of the dungeon, and saw 1 of its levels.

You collected 63 gold pieces.

Inventory:

Hand Weapons
 c - a +0 whip (weapon)
Armour
 f - a +0 pair of gloves (worn)
 i - a +0 kite shield (worn)
 j - a +0 tower shield
Scrolls
 d - a scroll of fog {unknown}
 g - 2 scrolls of identify {unknown}
Potions
 a - a potion of magic
 b - a potion of mutation {unknown}
 e - a potion of berserk rage {unknown}
 h - 2 potions of might {unknown}


   Skills:
 + Level 2.0 Dodging
 - Level 1.7 Stealth
 + Level 0.0 Shields
 + Level 2.1 Spellcasting
 + Level 1.3 Conjurations
 + Level 3.1 Fire Magic


You had 4 spell levels left.
You knew the following spells:

 Your Spells              Type           Power      Damage    Failure   Level
a - Foxfire               Conj/Fire      32%        2x1d5     32%         1

Your spell library contained the following spells:

 Spells                   Type           Power      Damage    Failure   Level
 Scorch                   Fire           22%        2d6       32%         2
 Conjure Flame            Conj/Fire      8%         6-21      67%         3
 Inner Flame              Hex/Fire       6%         N/A       77%         3
 Flame Wave               Conj/Fire      8%         2d5       97%         4


Dungeon Overview and Level Annotations

Branches:
Dungeon (1/15)

Altars:


Innate Abilities, Weirdness & Mutations

Your plain brown scales are hard. (AC +4)
You cannot fit into any form of body armour.
You are cold-blooded and may be slowed by cold attacks.


Message History

You barely miss the frilled lizard. The frilled lizard bites you.
* * * LOW HITPOINT WARNING * * *
You barely miss the frilled lizard. The frilled lizard closely misses you.
You barely miss the frilled lizard. You tail-slap the frilled lizard.
The frilled lizard is moderately wounded.
The frilled lizard barely misses you.
The frilled lizard bites you but does no damage.
You barely miss the frilled lizard.
The frilled lizard is moderately wounded.
The frilled lizard closely misses you.
You closely miss the frilled lizard.
Your tail-slap misses the frilled lizard.
The frilled lizard is moderately wounded.
The frilled lizard bites you but does no damage.
You miss the frilled lizard.
The frilled lizard is moderately wounded.
The frilled lizard bites you but does no damage.
You block the frilled lizard's attack.
You miss the frilled lizard.
The frilled lizard is moderately wounded.
The frilled lizard bites you.
* * * LOW HITPOINT WARNING * * *
You barely miss the frilled lizard.
The frilled lizard is moderately wounded.
The frilled lizard bites you but does no damage.
You barely miss the frilled lizard.
The frilled lizard is moderately wounded.
The frilled lizard bites you but does no damage.
You closely miss the frilled lizard.
The frilled lizard is moderately wounded.
The frilled lizard hisses.
The frilled lizard misses you.
The frilled lizard bites you but does no damage.
You barely miss the frilled lizard.
The frilled lizard is moderately wounded.
The frilled lizard bites you but does no damage.
You barely miss the frilled lizard.
The frilled lizard is moderately wounded.
The frilled lizard bites you.
You die...

#########....##.#≈≈≈≈≈...≈≈≈
#....##.#≈≈≈≈..<..≈≈
#....##.#≈≈≈≈≈...≈≈≈
#....##.#≈≈≈≈≈≈≈≈≈≈≈
####....#≈≈≈≈≈≈≈≈≈≈≈
#....#≈≈≈≈≈≈≈≈≈≈≈
##....#≈≈≈≈≈≈≈≈≈≈≈
#.....#≈≈≈≈≈≈≈≈≈≈≈
#@###.#≈≈≈≈≈≈≈≈≈≈≈
##########l#.#.#≈≈≈≈≈≈≈≈≈≈≈
#............#.#≈≈≈≈≈≈≈≈≈≈≈
#............#.#≈≈≈≈≈≈≈≈≈≈≈
#......).......#≈≈≈≈≈≈≈≈≈≈≈ #####
#...........##.#≈≈≈≈≈≈≈≈≈≈≈ ....#
#...........'..#........... ##'.#
#...........#..#.8.⌠⌠⌠(⌠⌠⌠.
..#.###...........#..#...........


You could see a frilled lizard.

Vanquished Creatures
  2 endoplasms (D:1)
  A giant cockroach (D:1)
  A goblin (D:1)
  A frilled lizard (D:1)
  3 kobolds (D:1)
  2 rats (D:1)
10 creatures vanquished.

Vanquished Creatures (others)
  19 foxfires (D:1)
19 creatures vanquished.

Grand Total: 29 creatures vanquished

Notes
Turn   | Place    | Note
-------+----------+-------------------------------------------
     0 | D:1      | siradein the Draconian Fire Elementalist began the quest
                  | for the Orb.
     0 | D:1      | Reached XP level 1. HP: 14/14 MP: 3/3
   151 | D:1      | Found a faded altar of an unknown god.
   387 | D:1      | Reached XP level 2. HP: 20/20 MP: 1/5
   755 | D:1      | HP: 1/20 [frilled lizard (2)]
   760 | D:1      | Slain by a frilled lizard

Illustrated notes

Levels and vault maps discovered:
D:1:      zaba_arrival_water, layout_basic, basic_ecumenical_altar, minivault_11

Skill      XL: |  1 |
---------------+----+-----
Dodging        | 2 |  2.0
Stealth        | |  1.7
Spellcasting   | |  2.1
Conjurations   | |  1.3
Fire Magic     | |  3.1

Action                   || total
-------------------------++-------
Melee: Unarmed           ||     4
       Whip              ||    27
       Tailslap          ||     3
 Cast: Foxfire           ||    11
 Stab: Sleeping          ||     1
Armor: Skin              ||    12
Dodge: Dodged            ||    19
Block: Kite shield       ||     3

Table legend: (Time is in decaauts)
 A = Elapsed time spent in this place.
 B = Non-inter-level travel time spent in this place.
 C = Inter-level travel time spent in this place.
 D = Time resting spent in this place.
 E = Time spent auto-exploring this place.
 F = Levels seen in this place.
 G = Mean time per level.
                   A        B        C        D        E       F      G
               +--------+--------+--------+--------+--------+-----+--------+
         Total |    773 |    773 |      0 |      0 |    537 |   1 |  773.0 |
       Dungeon |    773 |    773 |      0 |      0 |    537 |   1 |  773.0 |
               +--------+--------+--------+--------+--------+-----+--------+

Top non-repeatable levels by time:
     D:1: 773 daAuts
